 Dungeon Crawl Stone Soup version 0.24.1-8-ga250c9d538 (webtiles) character file.

Game seed: 18193768271344151742, levelgen mode: deterministic

453 Hugehornet the Insei (level 7, 0/43 HPs)
             Began as an Octopode Transmuter on May 8, 2020.
             Slain by Blork the orc
             ... wielding a +0 long sword
              (11 damage)
             ... on level 4 of the Dungeon.
             The game lasted 00:09:26 (3359 turns).

Hugehornet the Insei (Octopode Transmuter)          Turns: 3359, Time: 00:09:27

Health: 0/43       AC:  2    Str: 14    XL:     7   Next: 5%
Magic:  8/11       EV: 20    Int: 17    God:
Gold:   214        SH:  3    Dex: 18    Spells: 1/12 levels left

rFire    . . .     SeeInvis .     - Unarmed
rCold    . . .     Gourm    .   (shield currently unavailable)
rNeg     + . .     Faith    .   (helmet currently unavailable)
rPois    x         Spirit   .   m - +3 amulet of reflection
rElec    .         Reflect  +   k - ring of positive energy
rCorr    +         Harm     .   u - ring of resist corrosion
MR       .....                  (no ring)
Stlth    ++........             (no ring)
HPRegen  0.14/turn              (no ring)
MPRegen  0.12/turn              (no ring)
                                (no ring)
                                (no ring)

@: mighty, spider-form (expiring)
A: tiny, almost no armour, stealthy swim, (amphibious), 8 rings, (constrict 8)
a: End Transformation


You were on level 4 of the Dungeon.
You were hungry.
You were a venomous arachnid creature.
You visited 1 branch of the dungeon, and saw 4 of its levels.

You collected 214 gold pieces.

Inventory:

Missiles
 a - 8 arrows
Jewellery
 k - a ring of positive energy (left front leg)
 m - a +3 amulet of reflection (around neck)
 u - a ring of resist corrosion (right front leg)
Scrolls
 e - a scroll of amnesia {unknown}
 h - 2 scrolls of enchant armour {unknown}
 j - a scroll of magic mapping {unknown}
 l - 2 scrolls of teleportation {unknown}
 n - a scroll of fog {unknown}
 q - 2 scrolls of enchant weapon {unknown}
 r - 2 scrolls of remove curse
 s - a scroll of immolation {unknown}
Potions
 d - a potion of flight
 f - 2 potions of lignification
 g - a potion of heal wounds
 i - a potion of cancellation {unknown}
 o - a potion of brilliance {unknown}
 p - a potion of haste {unknown}
 t - a potion of invisibility {unknown}
 v - a potion of berserk rage {unknown}
 w - a potion of magic {unknown}
Comestibles
 c - 7 rations


   Skills:
 - Level 1.0 Fighting
 - Level 2.0 Dodging
 + Level 4.7 Unarmed Combat
 + Level 3.3 Spellcasting
 * Level 3.7 Transmutations
 * Level 1.9 Ice Magic
 - Level 3.8 Poison Magic


You had one spell level left.
You knew the following spells:

 Your Spells              Type           Power        Failure   Level  Hunger
a - Beastly Appendage     Tmut           ###...       12%         1    None
b - Sticks to Snakes      Tmut           ###.....     16%         2    ##.....
c - Spider Form           Tmut/Pois      ###.......   26%         3    ###....
d - Confusing Touch       Hex            #.....       36%         1    None
e - Ice Form              Ice/Tmut       ##......     69%         4    ####...

Your spell library contained the following spells:

 Spells                   Type           Power        Failure   Level  Hunger
 Confuse                  Hex            #.......     67%         3    ###....
 Gell's Gravitas          Tloc           #.........   67%         3    ###....
 Petrify                  Tmut/Erth      #.......     80%         4    ####...
 Blade Hands              Tmut           ###.......   87%         5    ######.
 Yara's Violent Unravell  Hex/Tmut       #.........   98%         5    ######.
 Metabolic Englaciation   Hex/Ice        #.........   99%         5    ######.


Dungeon Overview and Level Annotations

Branches:
Dungeon (4/15)
 Temple: D:4-7

Altars:
Ashenzari
Gozag
Wu Jian
Xom
The Shining One

Annotations:
D:4 Blork the orc


Innate Abilities, Weirdness & Mutations

You cannot wear most types of armour.
You are very stealthy in the water. (Stealth+)
((You are amphibious.))
You can wear up to eight rings at the same time.
((You can use your tentacles to constrict eight enemies at once.))
((Your skin changes colour to match your surroundings (Stealth+).))
((Your rubbery body absorbs attacks. (AC +1, EV +1)))


Message History

Edmund is heavily wounded.
Edmund closely misses you.
You bite Edmund!
Edmund looks as sick as possible!
Edmund is almost dead.
Blork the orc gestures wildly while chanting.
Blork the orc flickers and vanishes!
Deactivating autopickup; reactivate with Ctrl-A.
Edmund barely misses you.
You hit Edmund.
Edmund is almost dead.
Edmund barely misses you.
You hit Edmund but do no damage.
Edmund looks as sick as possible!
Edmund is almost dead.
You kill Edmund!
You have reached level 7!
A magic dart appears from out of thin air!
The magic dart hits you!
* * * LOW HITPOINT WARNING * * *
Something hits you!
You die...

.......... .. .#........#..
......?... .........##..
.........# ........##...
#........## ..............
#.........## ...........##..
...#...!......#
#...........###
.......#..†...####.##.....=.##
...............{#............#
..........###.#s#.##........##
.........##...#.#.#..........#
.......#............#........#
..........###.#.....#>.#.#..##
...##.$...###..#.....##.##.#
#>...## #.####...#######
............# #.###
#.#.......#..## ###
#...########


There were no monsters in sight!

Vanquished Creatures
  Edmund (D:4)
  An orc warrior (D:3)
  A hound (D:4)
  An orc wizard (D:3)
  An iguana (D:4)
  9 adders
  A worm (D:2)
  2 dart slugs (D:2)
  A leopard gecko (D:2)
  6 orcs
  5 bats
  A giant cockroach (D:2)
  10 goblins
  2 hobgoblins
  2 jackals (D:4)
  3 ball pythons
  3 frilled lizards
  5 kobolds
  7 rats
62 creatures vanquished.

Vanquished Creatures (collateral kills)
  An orc wizard (D:3)
1 creature vanquished.

Grand Total: 63 creatures vanquished

Notes
Turn   | Place    | Note
-------+----------+-------------------------------------------
     0 | D:1      | Hugehornet the Octopode Transmuter began the quest for the
                  | Orb.
     0 | D:1      | Reached XP level 1. HP: 13/13 MP: 3/3
   189 | D:1      | Reached XP level 2. HP: 15/18 MP: 3/5
   702 | D:2      | Reached XP level 3. HP: 5/23 MP: 4/6
   706 | D:2      | Learned a level 2 spell: Sticks to Snakes
   710 | D:2      | Learned a level 3 spell: Spider Form
  1083 | D:2      | Reached skill level 1 in Poison Magic
  1363 | D:2      | Found an opulent altar of Gozag.
  1471 | D:2      | Reached XP level 4. HP: 25/28 MP: 5/7
  1757 | D:2      | Found an ornate altar of the Wu Jian Council.
  1844 | D:2      | Found a shattered altar of Ashenzari.
  2158 | D:3      | Learned a level 1 spell: Confusing Touch
  2214 | D:3      | Noticed an orc warrior
  2233 | D:3      | Reached XP level 5. HP: 19/33 MP: 6/9
  2485 | D:3      | Found a shimmering altar of Xom.
  2485 | D:3      | Found a glowing golden altar of the Shining One.
  2712 | D:3      | Killed an orc warrior
  2712 | D:3      | Reached skill level 4 in Unarmed Combat
  2712 | D:3      | Reached XP level 6. HP: 29/38 MP: 2/10
  2896 | D:3      | Learned a level 4 spell: Ice Form
  3234 | D:4      | Reached skill level 1 in Ice Magic
  3333 | D:4      | Noticed Edmund
  3338 | D:4      | Noticed Blork the orc
  3358 | D:4      | Killed Edmund
  3358 | D:4      | Reached XP level 7. HP: 18/43 MP: 8/11
  3359 | D:4      | Slain by Blork the orc

Levels and vault maps discovered:
D:1:      lemuel_arrival_funnel, layout_loops_ring, minmay_vboxes
D:2:      layout_basic, lemuel_round_altar, lemuel_round_altar,
          lemuel_coloured_pillars_altar
D:3:      layout_loops_ring, chequers_temple_overflow_statue_of_worship
D:4:      layout_cave_pools, uniq_edmund, uniq_blork_the_orc

Skill      XL: |  1  2  3  4  5  6 |
---------------+-------------------+-----
Poison Magic   | 1 2 3 |  3.8
Transmutations | 3 |  3.7
Spellcasting   | 3 |  3.3
Unarmed Combat | 4 |  4.7
Ice Magic      | 1 |  1.9
Fighting       | |  1.0
Dodging        | |  2.0

Action                   |  1- 3 |  4- 6 |  7- 9 || total
-------------------------+-------+-------+-------++-------
Melee: Unarmed           |    47 |   112 |       ||   159
       Kick              |    13 |    19 |       ||    32
       Constrict         |    13 |    16 |       ||    29
       Punch             |     1 |     1 |       ||     2
       Tentacles         |     2 |     5 |       ||     7
 Cast: Beastly Appendage |    16 |    22 |       ||    38
       Spider Form       |       |     4 |       ||     4
       Sticks to Snakes  |       |     4 |       ||     4
       Confusing Touch   |       |     1 |       ||     1
  Use: Potion            |       |     3 |       ||     3
       Scroll            |       |     4 |       ||     4
 Stab: Sleeping          |     3 |     7 |       ||    10
       Confused          |       |     2 |       ||     2
       Distracted        |       |     1 |       ||     1
  Eat: Chunk             |     1 |     7 |       ||     8
Armor: Skin              |     2 |     5 |       ||     7
Dodge: Dodged            |    26 |    65 |       ||    91
Block: Other             |       |     7 |       ||     7
